 Dungeon Crawl Stone Soup version 0.19.4-8-ga85b6b9 (webtiles) character file.

31019 doot the Slicer (level 13, -3/90 HPs)
             Began as a Demonspawn Assassin on Feb 11, 2017.
             Was a Priest of Lugonu.
             Slain by a sixfirhy (11 damage)
             ... summoned by an orc high priest
             ... on level 2 of the Orcish Mines.
             The game lasted 03:38:12 (30500 turns).

doot the Slicer (Demonspawn Assassin)              Turns: 30500, Time: 03:38:13

Health: -3/90      AC: 13    Str: 12    XL:     13   Next: 23%
Magic:  14/14      EV: 21    Int: 10    God:    Lugonu [***...]
Gold:   2386       SH:  6    Dex: 24    Spells: 0 memorised, 12 levels left

rFire  x . .     SeeInvis +     z - +4 Vampire's Tooth {vamp}
rCold  . . .     Gourm    .     S - +1 troll leather armour
rNeg   + . .     Faith    .     (no shield)
rPois  .         Spirit   .     (helmet unavailable)
rElec  .         Reflect  +     x - +1 cloak of Masochism {rF- rN+ Dex+4 SInv}
rCorr  .         Harm     .     N - +2 pair of gloves
MR     +....                    (no boots)
Stlth  +++++++...               C - +6 amulet of reflection
                                X - ring of stealth
                                c - ring of protection from magic

@: hasted, very quick
A: reduced essence, antennae 3, talons 1, yellow scales 1, dopey 1, high mp 1,
nightstalker 1, powered by death 1
a: Depart the Abyss, Bend Space, Banish, Renounce Religion


You were on level 2 of the Orcish Mines.
You worshipped Lugonu.
Lugonu was most pleased with you.
You were hungry.

You visited 4 branches of the dungeon, and saw 21 of its levels.
You visited the Abyss 1 time.
You also visited: Sewer and Bailey.

You collected 2386 gold pieces.

Inventory:

Hand Weapons
 b - a +0 blowgun
 l - a +3 great sword
 z - the +4 Vampire's Tooth (weapon) {vamp}
   (You found it on level 4 of the Dungeon)

   It inflicts no extra harm, but heals its wielder when it wounds a living foe.
Missiles
 f - 7 curare-tipped needles
 t - 88 poisoned needles
Armour
 x - the +1 cloak of Masochism (worn) {rF- rN+ Dex+4 SInv}
   (You found it on level 9 of the Dungeon)

   It affects your dexterity (+4).
   It makes you vulnerable to fire.
   It protects you from negative energy.
   It lets you see invisible.
 N - a +2 pair of gloves (worn)
 S - a +1 troll leather armour (worn)
Jewellery
 c - a ring of protection from magic (left hand)
 w - a +3 ring of strength
 B - an uncursed ring of flight
 C - a +6 amulet of reflection (around neck)
 J - an uncursed amulet of the gourmand
 O - a +3 ring of intelligence
 X - a ring of stealth (right hand)
Wands
 d - a wand of digging (10/24)
 e - a wand of paralysis (11/24)
 D - a wand of flame (8/48)
 E - a wand of disintegration (7/24)
 H - a wand of teleportation (1/9)
 U - a wand of lightning (3/15)
 V - a wand of iceblast (2/15)
 Y - a wand of random effects (18/48)
Scrolls
 h - 5 scrolls of magic mapping
 i - a scroll of recharging
 k - 12 scrolls of remove curse
 q - 2 scrolls of enchant weapon
 r - 8 scrolls of identify
 s - a scroll of fog
 y - 3 scrolls of immolation
 A - 2 scrolls of enchant armour
 F - 3 scrolls of amnesia
Potions
 j - 9 potions of curing
 m - 3 potions of cure mutation
 n - 6 potions of heal wounds
 o - 3 potions of lignification
 p - 2 potions of might
 v - 14 potions of flight
 L - a potion of agility
 M - 7 potions of brilliance
 P - a potion of resistance
 R - 2 potions of haste
 T - a potion of berserk rage
Books
 I - a book of Necromancy

   Spells                             Type                      Level
   a - Pain                           Necromancy                   1
   b - Animate Skeleton               Necromancy                   1
   c - Vampiric Draining              Necromancy                   3
   d - Regeneration                   Charms/Necromancy            3
   e - Animate Dead                   Necromancy                   4
   f - Control Undead                 Necromancy                   4
Miscellaneous
 W - a lamp of fire
Comestibles
 a - 2 royal jellies
 g - 12 bread rations
 u - a chunk of flesh
 G - 3 beef jerkies
 Z - 9 meat rations


   Skills:
 + Level 9.3 Fighting
 * Level 12.0 Short Blades
 + Level 2.5 Throwing
 + Level 4.9 Armour
 + Level 10.0 Dodging
 + Level 11.4 Stealth


You had 12 spell levels left.
You didn't know any spells.

Dungeon Overview and Level Annotations

Branches:
Dungeon (13/15)            Temple (1/1) D:5            Lair (5/6) D:11
 Shoals (0/4) Lair:4        Snake (0/4) Lair:2          Orc (2/2) D:10
    Elf (0/3) Orc:2
  Slime: Lair:5-6    Vaults: D:13-14

Altars:
Ashenzari
Cheibriados
Dithmenos
Elyvilon
Fedhas
Gozag
Hepliaklqana
Kikubaaqudgha
Makhleb
Nemelex Xobeh
Okawaru
Qazlal
Ru
Sif Muna
Trog
Uskayaw
Vehumet
Xom
Yredelemnul
Zin
The Shining One

Shops:
D:6 ![![   D:9 !   Orc:1 !

Portals:
Trove: D:13 (give +3 gold dragon scales)

Annotations:
D:5 Sharmount's ghost, novice DDFi
D:6 Paps's ghost, novice TrFi
Lair:3 Sonja
Lair:4 exclusion: oklob plant


Innate Abilities, Weirdness & Mutations

You have a pair of large antennae on your head. (SInv)
You are partially covered in yellow scales. (AC +2)
You are slightly more attuned to the shadows.
You regenerate a little health from kills.
Your life essence is reduced. (-10% HP)
You have sharp toenails.
You are dopey. (Int -2)
You have an increased reservoir of magic. (+10% MP)


Message History

You feel much better. The sixfirhy misses you. x2
You block the orc warrior's attack. You block the sixfirhy's attack.
The sixfirhy hits you! The sixfirhy shocks you!
* * * LOW HITPOINT WARNING * * *
You feel much better. The sixfirhy hits you. The sixfirhy shocks you!
The sixfirhy barely misses you.
The sixfirhy hits you but does no damage.
The orc high priest calls upon Beogh to heal the orc wizard.
The orc wizard is healed somewhat.
Okay, then.
You feel yourself speed up. The sixfirhy misses you. x2
The sixfirhy hits you!
* * * LOW HITPOINT WARNING * * *
The sixfirhy shocks you!
* * * LOW HITPOINT WARNING * * *
The orc warrior completely misses you. The sixfirhy hits you.
* * * LOW HITPOINT WARNING * * *
The sixfirhy shocks you!
You die...

## #.......#.........# #
##......#.oo...#.## ##.
#......[...{o#### ##.##
#.......o..{)# #...####
##......[oo.## ####.....##
##.........o## #.........##
#..._.......## ###..........##
#....)......o###.............#
#...........3@.#[[............
####............................
##........##..............#......
#........#.##..........#.##......
#........######.......[####......
#.......<.#............##.......
#.......)[##....................
#####...........................
#.............#..............#


You could see an orc high priest, a sixfirhy, 2 orc warriors and an orc.

Vanquished Creatures
  Gastronok (Lair:3)
  Nessos (Lair:4)
  Josephine (D:10)
  2 hydras
  A thrashing horror (Abyss:2)
  2 unseen horrors
  An anaconda zombie (Abyss:2)
  2 hill giants
  2 orc knights
  2 orc sorcerers (Orc:2)
  A worldbinder (Abyss:2)
  2 elephants (Lair:4)
  A black mamba (Lair:3)
  A large abomination (Abyss:2)
  6 spiny frogs
  2 rime drakes (Lair:4)
  6 komodo dragons
  A freezing wraith (Abyss:2)
  6 trolls
  3 blink frogs
  5 hippogriffs
  3 wyverns (Lair:2)
  6 yaks
  Eustachio (D:5)
  The ghost of Exporg the Cudgeler, an amateur MiMo (D:4)
  5 wraiths
  A hungry ghost (D:11)
  3 basilisks (Lair:2)
  A vampire mosquito (D:12)
  Menkaure (D:5)
  2 wargs
  A mottled dragon (D:11)
  Duvessa (D:5)
  4 water moccasins
  5 porcupines
  An eye of draining (D:11)
  20 orc warriors
  2 ice beasts
  6 ogres
  A sky beast (D:4)
  A phantom (D:8)
  7 wolves
  8 centaurs
  5 crocodiles
  A big kobold (D:7)
  11 bullfrogs
  Dowan (D:5)
  A small abomination (Abyss:2)
  33 killer bees
  5 howler monkeys
  2 vampire bats (D:4)
  14 wights
  2 crimson imps
  3 bullfrog zombies
  2 centaur zombies
  A jelly (D:8)
  A quasit (D:5)
  A bullfrog skeleton (D:10)
  22 orc priests
  10 hounds
  17 orc wizards
  Jessica (D:2)
  2 centaur skeletons
  5 iguanas
  Ijyb (D:2)
  Natasha (thrice) (D:2)
  6 worker ants
  2 hell rats (Lair:3)
  A killer bee zombie (D:5)
  A howler monkey zombie (D:6)
  2 howler monkey skeletons
  14 adders
  5 gnolls
  3 shadow imps
  An ooze (D:1)
  An adder skeleton (D:6)
  4 worms
  2 dart slugs
  14 leopard geckos
  56 orcs
  20 bats
  9 giant cockroaches
  8 goblins
  7 hobgoblins
  9 jackals
  3 quokkas
  3 ball pythons
  10 frilled lizards
  A jackal skeleton (D:7)
  8 kobolds
  A leopard gecko skeleton (D:7)
  A quokka skeleton (D:4)
  6 rats
  A butterfly (Lair:4)
473 creatures vanquished.

Vanquished Creatures (collateral kills)
  Harold (Lair:3)
  An orc high priest (Orc:1)
  A thrashing horror (Abyss:2)
  A sun demon (Abyss:2)
  A manticore (Lair:2)
  A cyclops (D:11)
  A rime drake (Lair:2)
  A queen bee (Lair:2)
  3 trolls
  6 blink frogs (Lair:2)
  A raiju (Abyss:2)
  A hippogriff (Lair:2)
  A flying skull (Abyss:2)
  A wraith (D:10)
  2 vampires
  5 yaks
  2 basilisks (Lair:2)
  2 hungry ghosts (D:11)
  A chaos spawn (Abyss:2)
  A naga (Lair:2)
  A warg (Orc:1)
  4 water moccasins
  2 porcupines
  6 orc warriors
  2 black bears (D:7)
  A sky beast (D:11)
  2 ogres
  A large abomination (Abyss:2)
  A small abomination (Abyss:2)
  A crocodile (D:8)
  4 bullfrogs
  9 killer bees
  5 wights
  An electric eel (Lair:3)
  A centaur zombie (D:11)
  A quasit (Abyss:2)
  2 orc priests
  2 hounds
  A jelly (D:11)
  An iguana (Lair:3)
  An orc wizard (D:10)
  2 centaur skeletons
  4 hell rats
  2 worker ants
  A shadow imp (Abyss:2)
  11 orcs
  A goblin (Bailey)
  A jackal (D:9)
  A ball python (D:8)
  5 kobolds (Bailey)
  A fungus (Lair:2)
112 creatures vanquished.

Vanquished Creatures (others)
  11 knights
  2 orc wizards (D:11)
  7 ancestors
  An orc (Orc:1)
  4 kobolds (Bailey)
  3 bushes (Abyss:2)
  5 fungi
  A lurking horror (Abyss:2)
  4 plants
  9 starspawn tentacles (Abyss:2)
  11 toadstools (Lair:5)
58 creatures vanquished.

Grand Total: 643 creatures vanquished

Notes
Turn   | Place    | Note
-------+----------+-------------------------------------------
     0 | D:1      | doot the Demonspawn Assassin began the quest for the Orb.
     0 | D:1      | Reached XP level 1. HP: 16/16 MP: 1/1
   126 | D:1      | Reached skill level 2 in Short Blades
   249 | D:1      | Gained mutation: You are slightly more attuned to the shadows. [demonic ancestry]
   249 | D:1      | Reached XP level 2. HP: 3/22 MP: 2/2
   926 | D:1      | Reached skill level 1 in Dodging
   935 | D:1      | Gained mutation: You are partially covered in yellow scales. (AC +2) [demonic ancestry]
   935 | D:1      | Reached XP level 3. HP: 19/27 MP: 3/3
  1400 | D:2      | Noticed Jessica
  1403 | D:2      | Killed Jessica
  1403 | D:2      | Gained mutation: You have a pair of small antennae on your head. [demonic ancestry]
  1403 | D:2      | Reached XP level 4. HP: 34/34 MP: 4/4
  1533 | D:2      | Noticed Natasha
  1557 | D:2      | Killed Natasha
  1589 | D:2      | Noticed Ijyb
  1615 | D:2      | Noticed Natasha
  1627 | D:2      | Killed Natasha
  1627 | D:2      | Reached XP level 5. HP: 14/40 MP: 5/5
  1815 | D:2      | Noticed Natasha
  1862 | D:2      | Killed Natasha
  1875 | D:2      | Killed Ijyb
  2416 | D:2      | Reached skill level 3 in Short Blades
  2697 | D:3      | Reached skill level 5 in Stealth
  3394 | D:4      | Found a glowing drain.
  3412 | D:4      | Gained mutation: You have a pair of antennae on your head. [demonic ancestry]
  3412 | D:4      | Reached XP level 6. HP: 40/47 MP: 6/6
  3434 | Sewer    | Entered a sewer
  3526 | Sewer    | Noticed Purgy
  4082 | D:4      | Noticed Exporg's ghost (amateur MiMo)
  4950 | D:4      | Found a white marble altar of Elyvilon.
  5855 | D:4      | Reached XP level 7. HP: 52/52 MP: 7/7
  5982 | D:5      | Entered Level 5 of the Dungeon
  5993 | D:5      | Noticed Duvessa
  5998 | D:5      | Noticed Dowan
  6147 | D:5      | Learned a level 1 spell: Sandblast
  6232 | D:5      | Killed Duvessa
  6240 | D:5      | Killed Dowan
  6240 | D:5      | Reached skill level 4 in Short Blades
  6332 | D:5      | Found a glowing silver altar of Zin.
  6332 | D:5      | Noticed Eustachio
  6364 | D:5      | Killed Eustachio
  6563 | D:5      | Found a staircase to the Ecumenical Temple.
  6585 | D:5      | Reached XP level 8. HP: 51/60 MP: 8/8
  6662 | Temple   | Entered the Ecumenical Temple
  6737 | D:5      | Noticed Sharmount's ghost (novice DDFi)
  6795 | D:5      | Found a sparkling altar of Nemelex Xobeh.
  7080 | D:4      | Reached skill level 5 in Short Blades
  7442 | D:5      | Noticed Menkaure
  7499 | D:6      | Found Piexa's Distillery.
  7499 | D:6      | Found Citogul's Distillery.
  7501 | D:6      | Found Urhe's Armour Emporium.
  7507 | D:6      | Found Dumem's Armour Emporium.
  7556 | D:6      | Found a hide-covered altar of Uskayaw.
  7870 | D:6      | Noticed Paps's ghost (novice TrFi)
  8255 | D:6      | Found a blossoming altar of Fedhas.
  8347 | D:6      | Found an iron altar of Okawaru.
  8375 | D:6      | Found a stormy altar of Qazlal.
  9158 | D:7      | Reached skill level 6 in Short Blades
  9173 | D:7      | Found a hazy altar of Hepliaklqana.
  9178 | D:7      | Became a worshipper of Hepliaklqana the Forgotten
  9360 | D:7      | Gained mutation: You regenerate a little health from kills. [demonic ancestry]
  9360 | D:7      | Reached XP level 9. HP: 58/59 MP: 9/9
  9363 | D:7      | Found a bloodstained altar of Trog.
  9771 | D:8      | Found a flagged portal.
  9873 | D:8      | Reached * piety under Hepliaklqana
  9893 | D:8      | Reached skill level 5 in Fighting
  9893 | D:8      | Reached skill level 7 in Short Blades
  9929 | D:8      | Reached skill level 5 in Dodging
 10010 | Bailey   | Entered a bailey
 10039 | Bailey   | Noticed an orc knight
 10303 | Bailey   | HP: 1/61 [orc knight/war axe (31)]
 10932 | D:8      | Reached skill level 8 in Short Blades
 11124 | D:8      | Found an opulent altar of Gozag.
 11439 | D:9      | You fall through a shaft for 2 floors!
 11441 | D:11     | Found a staircase to the Lair.
 11555 | D:11     | Reached ** piety under Hepliaklqana
 11558 | D:11     | Remembered your ancestor Mamie Christiane as a knight
 11632 | D:11     | Reached XP level 10. HP: 40/66 MP: 10/10
 11781 | D:11     | Noticed a death knight
 11793 | D:10     | Entered Level 10 of the Dungeon
 11970 | D:9      | Reached skill level 9 in Short Blades
 12259 | D:9      | Got a translucent cloak
 12270 | D:9      | Identified the +1 cloak of Masochism {rF- rN+ Dex+4 SInv} (You found it on level 9 of the Dungeon)
 12279 | D:9      | Found a sacrificial altar of Ru.
 12307 | D:9      | Found Fucwouhoigg's Distillery.
 12351 | D:9      | Reached skill level 1 in Armour
 12728 | D:9      | Found a sparkling altar of Nemelex Xobeh.
 12983 | D:10     | Noticed Josephine
 13126 | D:10     | Found a staircase to the Orcish Mines.
 13335 | D:10     | Noticed a hill giant
 13335 | D:10     | Killed Josephine
 13337 | D:10     | Killed a hill giant
 13337 | D:10     | Reached skill level 10 in Short Blades
 13337 | D:10     | Gained mutation: You have a pair of large antennae on your head. (SInv) [demonic ancestry]
 13337 | D:10     | Reached XP level 11. HP: 29/72 MP: 11/11
 14087 | Orc:1    | Entered Level 1 of the Orcish Mines
 14090 | Orc:1    | Reached *** piety under Hepliaklqana
 14403 | Orc:1    | Noticed a wolf spider
 14503 | Orc:2    | Entered Level 2 of the Orcish Mines
 15545 | D:11     | Found a glowing golden altar of the Shining One.
 15863 | Lair:1   | Entered Level 1 of the Lair of Beasts
 16114 | Lair:1   | Reached skill level 10 in Stealth
 16130 | Lair:1   | Noticed an eight-headed hydra
 16177 | Lair:1   | You fall through a shaft!
 16177 | Lair:2   | Reached **** piety under Hepliaklqana
 16186 | Lair:2   | Found a staircase to the Snake Pit.
 17459 | Lair:2   | Reached XP level 12. HP: 78/81 MP: 12/12
 18008 | Lair:2   | Reached skill level 11 in Short Blades
 18137 | Lair:3   | Reached ***** piety under Hepliaklqana
 18158 | Lair:3   | Noticed Harold
 18202 | Lair:3   | Noticed Gastronok
 18255 | Lair:3   | Killed Gastronok
 18330 | Lair:3   | Noticed Sonja
 18374 | Lair:3   | Killed Harold
 19056 | Orc:2    | Noticed an orc high priest
 19130 | Orc:1    | Killed an orc high priest
 19417 | Orc:1    | Found Daruuck's Distillery.
 20731 | D:13     | Found a portal to a secret trove of treasure.
 21541 | Lair:3   | Gained mutation: You have supernaturally acute eyesight. (SInv) [potion of mutation]
 21541 | Lair:3   | Gained mutation: You are dopey. (Int -2) [potion of mutation]
 21542 | Lair:3   | Gained mutation: You have an increased reservoir of magic. (+10% MP) [potion of mutation]
 21542 | Lair:3   | Lost mutation: You have supernaturally acute eyesight. (SInv) [potion of mutation]
 21542 | Lair:3   | Gained mutation: You have sharp toenails. [potion of mutation]
 21826 | Lair:3   | Cast into level 2 of the Abyss (Sonja)
 22152 | Abyss:2  | Reached XP level 13. HP: 85/90 MP: 14/14
 22749 | Abyss:2  | Reached skill level 12 in Short Blades
 22834 | Abyss:2  | Noticed a starcursed mass
 23224 | Abyss:2  | Reached ****** piety under Hepliaklqana
 23300 | Abyss:2  | Noticed a starcursed mass
 23461 | Abyss:2  | Noticed an ironheart preserver
 23534 | Abyss:2  | Noticed a tentacled starspawn
 23738 | Abyss:2  | Noticed a tentacled starspawn
 23821 | Abyss:2  | Reached skill level 10 in Dodging
 23833 | Abyss:2  | Noticed a tentacled starspawn
 23968 | Abyss:2  | Found a corrupted altar of Lugonu.
 23971 | Abyss:2  | Fell from the grace of Hepliaklqana
 23971 | Abyss:2  | Became a worshipper of Lugonu the Unformed
 23971 | Abyss:2  | Reached * piety under Lugonu
 23972 | Lair:3   | Escaped the Abyss
 24011 | Lair:4   | Noticed Nessos
 24016 | Lair:4   | Killed Nessos
 24196 | Lair:4   | Found a staircase to the Shoals.
 24636 | D:5      | Killed Menkaure
 24919 | D:4      | Killed Exporg's ghost
 28174 | Orc:1    | Reached ** piety under Lugonu
 28879 | Orc:2    | Found a staircase to the Elven Halls.
 28912 | Orc:2    | Found a burning altar of Makhleb.
 29700 | Orc:2    | Reached *** piety under Lugonu
 30500 | Orc:2    | Slain by a sixfirhy

Skill      XL: |  1  2  3  4  5  6  7  8  9 10 11 12 13 |
---------------+----------------------------------------+-----
Short Blades   | 2 3 4 6 8 10 11 12 | 12.0
Stealth        | 4 5 6 7 9 10 11 | 11.4
Dodging        | 1 2 3 4 5 6 8 9 10 | 10.0
Throwing       | 2 |  2.5
Fighting       | 3 4 5 6 7 8 9 |  9.3
Armour         | 3 4 |  4.9

Action                   |  1- 3 |  4- 6 |  7- 9 | 10-12 | 13-15 || total
-------------------------+-------+-------+-------+-------+-------++-------
Melee: Dagger            |    81 |   336 |   704 |  1576 |  1891 ||  4588
       Kick              |       |       |       |    25 |   866 ||   891
 Fire: Blowgun           |     1 |    31 |       |       |       ||    32
Invok: Ancestor Identity |       |       |     2 |     1 |       ||     3
       Recall Ancestor   |       |       |     1 |    14 |     1 ||    16
       Ancestor Life: Kn |       |       |     1 |       |       ||     1
       Idealise          |       |       |       |     2 |       ||     2
       Depart the Abyss  |       |       |       |       |     1 ||     1
Evoke: Wand              |       |       |     4 |     7 |    12 ||    23
       Disc of storms    |       |       |     2 |     1 |     1 ||     4
       Box of beasts     |       |       |       |     1 |       ||     1
  Use: Scroll            |       |     8 |     2 |    21 |     5 ||    36
       Potion            |       |     1 |     3 |    16 |     5 ||    25
 Stab: Sleeping          |    11 |    18 |    15 |    43 |    10 ||    97
       Distracted        |       |     1 |     1 |    11 |    10 ||    23
  Eat: Chunk             |     1 |     6 |    12 |    23 |    17 ||    59
       Pizza             |       |     1 |       |       |     4 ||     5
       Meat ration       |       |     1 |     3 |       |       ||     4
       Royal jelly       |       |     1 |       |     2 |     3 ||     6
       Fruit             |       |       |     1 |     5 |       ||     6
Armor: Robe              |    15 |    96 |    95 |       |       ||   206
       Troll leather arm |       |       |       |   147 |   183 ||   330
Dodge: Dodged            |    55 |   230 |   361 |   781 |   867 ||  2294
Block: Other             |       |       |   138 |   280 |   297 ||   715
       Reflection        |       |       |    21 |    10 |     4 ||    35
